 Dungeon Crawl Stone Soup version 0.31-a0-426-g3a05650e59 (webtiles) character file.

Game seed: 5399683076304524380

3357 Ofeo the Covert (level 10, -5/63 HPs)
             Began as a Kobold Brigand on July 30, 2023.
             Was a Follower of Wu Jian.
             Killed by divine providence
             ... invoked by an orc priest
              (17 damage)
             ... while paralysed by a hornet
             ... on level 8 of the Dungeon.
             The game lasted 00:10:18 (8532 turns).

Ofeo the Covert (Kobold Brigand)                    Turns: 8532, Time: 00:10:19

Health: -5/63      AC: 16    Str:  9    XL:     10   Next: 23%
Magic:  10/10      EV:  3    Int: 12    God:    Wu Jian [*.....]
Gold:   376        SH:  0    Dex: 19    Spells: 9/9 levels left

rFire   . . .        a - +2 dagger (freeze)
rCold   . . .        (no shield)
rNeg    . . .        v - +2 ring mail {Will+}
rPois   .            n - +2 helmet
rElec   .            k - +1 cloak
rCorr   .            B - +0 pair of gloves
SInv    .            J - +1 pair of boots
Will    +....        w - amulet of the acrobat
Stlth   +++++        h - +4 ring of slaying
HPRegen 0.30/turn    l - ring of flight
MPRegen 0.12/turn

%: acrobat
@: paralysed, lethally poisoned (-5 -> -8), flying
A: small, no large weapons, nightstalker 3, clumsy 1, deterioration 1, wild
magic 1
a: Renounce Religion


You were on level 8 of the Dungeon.
You worshipped Wu Jian.
Wu Jian was aware of your devotion.
You visited 2 branches of the dungeon, and saw 9 of its levels.

You collected 376 gold pieces.

Inventory:

Hand Weapons
 a - a +2 dagger of freezing (weapon)
 b - a +3 long sword of protection
 C - a +0 short sword of speed
Missiles
 d - 22 poisoned darts (quivered)
 e - 3 curare-tipped darts
 r - 9 boomerangs
Armour
 k - a +1 cloak (worn)
 n - a +2 helmet (worn)
 v - a +2 ring mail of willpower (worn)
 B - a +0 pair of gloves (worn)
 F - +0 steam dragon scales
 J - a +1 pair of boots (worn)
Jewellery
 h - a +4 ring of slaying (left hand)
 l - a ring of flight (right hand)
 w - an amulet of the acrobat (around neck)
 y - a ring of fire
Talismans
 m - a beast talisman
Wands
 c - a wand of charming (24)
 p - a wand of roots (15)
 I - a wand of light (2)
Scrolls
 i - a scroll of identify {@r1}
 s - a scroll of poison
 u - a scroll of blinking {@r4}
 x - a scroll of enchant armour
 A - 2 scrolls of teleportation {@r3}
 D - 2 scrolls of brand weapon
 G - a scroll of revelation
Potions
 f - 3 potions of brilliance
 g - 3 potions of attraction
 j - 3 potions of heal wounds {unknown}
 o - a potion of enlightenment {unknown}
 q - 8 potions of curing {@q1}
 t - a potion of resistance {unknown}
 z - a potion of mutation
 E - 2 potions of degeneration {unknown}
 H - a potion of invisibility {unknown}


   Skills:
 + Level 7.1 Fighting
 + Level 8.5 Short Blades
 - Level 6.0 Throwing
 + Level 2.5 Armour
 + Level 7.4 Dodging
 + Level 10.4 Stealth


You had 9 spell levels left.
You didn't know any spells.
Your spell library contained the following spells:

 Spells                   Type           Power      Damage    Failure   Level
 Apportation              Tloc           0%         N/A       73%         1
 Kiss of Death            Conj/Necr      0%         2d5       73%         1
 Necrotise                Necr           0%         1d4       73%         1
 Summon Small Mammal      Summ           0%         N/A       73%         1
 Confusing Touch          Hex            0%         N/A       97%         3
 Dispel Undead            Necr           0%         3d6       100%        4


Dungeon Overview and Level Annotations

Branches:
Dungeon (8/15)             Temple (1/1) D:6
   Lair: D:8-11

Altars:
Ashenzari
Cheibriados
Dithmenos
Elyvilon
Fedhas
Gozag
Hepliaklqana
Kikubaaqudgha
Makhleb
Nemelex Xobeh
Okawaru
Qazlal
Ru
Sif Muna
Trog
Uskayaw
Vehumet
Wu Jian
Xom
Yredelemnul
Zin
The Shining One

Annotations:
D:3 exclusion: statue
D:7 2 transporters, EonArisen's ghost, novice GnRe


Innate Abilities, Weirdness & Mutations

You are small and have problems with some larger weapons.
You are completely attuned to the shadows.
You are clumsy. (Dex -2)
Your body sometimes deteriorates upon taking damage.
Your spells are a little harder to cast, but a little more powerful.


Message History

The orc priest attacks as you move away!
The orc priest barely misses you.
You feel very sick. The steam dragon breathes steam at you.
The ball of steam hits you!
An orc priest comes into view. It is wielding a +0 mace.
An orc priest comes into view. It is wielding a +0 dagger.
You hear an angry hiss.
You hear a shout!
Things that are here:
a +2 dagger of venom; a +0 robe You take 18 damage, and have 39/63 hp.
MASSIVE DAMAGE!!
You spin and attack the orc priest repeatedly.
You hit the orc priest. You freeze the orc priest.
The orc priest is heavily wounded.
You hit the orc priest. You freeze the orc priest.
The orc priest is severely wounded.
You feel sick.
The hornet is engulfed in a cloud of scalding steam.
The orc priest hits you but does no damage.
You take 2 damage, and have 37/63 hp.
Okay, then.
Okay, then.
You hit the hornet. You freeze the hornet.
The hornet is moderately wounded.
The hornet stings you but does no damage.
The orc priest is engulfed in a cloud of scalding steam.
The orc priest completely misses you.
You spin and attack the hornet.
You hit the hornet but do no damage.
The hornet is moderately wounded.
You feel sick. The hornet stings you.
You suddenly lose the ability to move!
The orc priest is engulfed in a cloud of scalding steam.
The orc priest dies!
You feel sick. The hornet barely misses you.
The steam dragon breathes steam at you. The ball of steam hits you!
* * * LOW HITPOINT WARNING * * *
The hornet stings you but does no damage.
The orc priest invokes the aid of Beogh against you.
Beogh smites you!
You die...

###.## #.##.##
#.###.### #.####..#
#..>..... ##.# ##..
#........ #.## ##. .
#..§......###..###.. ..
#..§...# ...#.......
#..#).@...## #.....##..
..§.oyD....#####..###..
...§..o.)...####...###.
.....#§...#...#.....##.
................###>.#.
####oo.#######...###...
.. #.........
#......... #........#


You could see a hornet, a steam dragon and 2 orc priests.

Vanquished Creatures
  Pikel (D:4)
  A komodo dragon (D:6)
  A steam dragon (D:7)
  Menkaure (D:5)
  A water moccasin (D:7)
  2 black bears (D:6)
  An orc warrior (D:8)
  2 ice beasts
  2 sky beasts (D:7)
  An ogre (D:6)
  A centaur (D:7)
  A kobold brigand (D:7)
  Blork the orc (D:4)
  4 bullfrogs
  3 scorpions
  A howler monkey (D:6)
  A gnoll bouda (D:7)
  2 hounds (D:5)
  3 jellies (D:6)
  2 orc priests
  2 sleepcaps
  4 orc wizards
  Natasha (thrice) (D:4)
  4 iguanas
  7 gnolls
  9 adders
  3 shadow imps
  A white imp (D:7)
  2 ufetubi
  A worm (D:2)
  5 dart slugs
  29 orcs
  8 endoplasms
  A giant cockroach (D:2)
  9 goblins
  8 hobgoblins
  4 jackals (D:5)
  7 kobolds
  6 quokkas
  8 ball pythons
  5 bats
  3 frilled lizards
  3 rats
164 creatures vanquished.

Vanquished Creatures (others)
  An orc priest (D:8)
1 creature vanquished.

Grand Total: 165 creatures vanquished

Notes
Turn   | Place    | Note
-------+----------+-------------------------------------------
     0 | D:1      | Ofeo the Kobold Brigand began the quest for the Orb.
     0 | D:1      | Reached XP level 1. HP: 12/12 MP: 1/1
   529 | D:1      | Reached XP level 2. HP: 18/18 MP: 2/2
   585 | D:1      | Found a faded altar of an unknown god.
   847 | D:1      | Reached XP level 3. HP: 19/22 MP: 3/3
  1651 | D:2      | Reached XP level 4. HP: 27/27 MP: 4/4
  2097 | D:3      | Found a radiant altar of Vehumet.
  2105 | D:3      | Noticed a charred statue
  2257 | D:3      | Reached skill level 6 in Stealth
  2259 | D:3      | Reached XP level 5. HP: 31/32 MP: 5/5
  2932 | D:4      | Noticed Natasha
  2935 | D:4      | Killed Natasha
  3050 | D:4      | Noticed Blork the orc
  3066 | D:4      | Reached XP level 6. HP: 37/37 MP: 6/6
  3426 | D:4      | Noticed Pikel
  3426 | D:4      | Noticed Natasha
  3562 | D:4      | Killed Natasha
  3615 | D:4      | Gained mutation: You are clumsy. (Dex -2) [potion of
                  | mutation]
  3615 | D:4      | Gained mutation: Your body sometimes deteriorates upon
                  | taking damage. [potion of mutation]
  3615 | D:4      | Gained mutation: Your spells are a little harder to cast,
                  | but a little more powerful. [potion of mutation]
  3645 | D:4      | Killed Pikel
  3646 | D:4      | Reached skill level 5 in Short Blades
  3646 | D:4      | Reached skill level 7 in Stealth
  3646 | D:4      | Reached XP level 7. HP: 21/44 MP: 7/7
  3646 | D:4      | Reached XP level 8. HP: 23/48 MP: 8/8
  3846 | D:4      | Noticed Natasha
  3857 | D:4      | Killed Natasha
  4047 | D:4      | Killed Blork the orc
  4477 | D:5      | Entered Level 5 of the Dungeon
  4536 | D:5      | Noticed Menkaure
  4908 | D:5      | Reached skill level 8 in Stealth
  4951 | D:5      | Reached skill level 5 in Fighting
  4951 | D:5      | Reached skill level 5 in Dodging
  4956 | D:5      | Reached skill level 5 in Throwing
  5187 | D:5      | Killed Menkaure
  5576 | D:6      | Reached XP level 9. HP: 13/54 MP: 9/9
  5889 | D:6      | Found a staircase to the Ecumenical Temple.
  5993 | Temple   | Entered the Ecumenical Temple
  6034 | Temple   | Became a worshipper of the Wu Jian Council
  6257 | D:6      | Noticed a komodo dragon
  6260 | D:6      | Killed a komodo dragon
  6261 | D:6      | Reached skill level 9 in Stealth
  6799 | D:7      | Found a transporter.
  6859 | D:7      | Found a transporter.
  6925 | D:7      | Noticed EonArisen's ghost (novice GnRe)
  6946 | D:7      | Reached skill level 1 in Armour
  6967 | D:7      | Noticed a moth of wrath
  7269 | D:7      | Reached * piety under Wu Jian
  7398 | D:7      | Reached XP level 10. HP: 61/61 MP: 10/10
  7480 | D:7      | Reached skill level 10 in Stealth
  8531 | D:8      | Paralysed by a hornet for 2 turns
  8532 | D:8      | Killed from afar by an orc priest

Illustrated notes

Levels and vault maps discovered:
D:1:      lightli_arrival_isolated_outpost, layout_basic,
          shapermc_ecumenical_altar_ellora, dreamdust_mushroom_princess,
          minmay_unequal
D:2:      layout_loops_ring, fountainhead
D:3:      layout_rooms, vehumet_statue, lightli_corner_chamber
D:4:      layout_loops_ring, uniq_pikel, uniq_blork_the_orc, uniq_natasha
D:5:      layout_basic, uniq_menkaure
D:6:      layout_loops_ring, temple_statues, st_stairs_1,
          kennysheep_generic_room_13
D:7:      layout_loops_ring, gammafunk_ghost_wrathful_warriors, minivault_5,
          nicolae_houndstooth_variations
D:8:      nzn_winding_woodlands_small [nzn_winding_woodlands_5x15_pockets,
          nzn_winding_woodlands_center_triple_pond,
          nzn_winding_woodlands_5x15_eye], layout_layer_cave
Temple:   kilobyte_greek_temple

Skill      XL: |  1  2  3  4  5  6  7  8  9 10 |
---------------+-------------------------------+-----
Short Blades   | 3 4 5 6 8 |  8.5
Dodging        | 2 3 4 5 7 |  7.4
Fighting       | 3 4 5 6 7 |  7.1
Throwing       | 3 4 5 6 |  6.0
Stealth        | 6 7 8 9 10 | 10.4
Armour         | 1 2 |  2.5

Action                     |  1- 3 |  4- 6 |  7- 9 | 10-12 || total
---------------------------+-------+-------+-------+-------++-------
  Melee: Dagger            |    53 |   105 |   171 |    59 ||   388
         Punch             |       |     2 |     2 |     3 ||     7
  Throw: Dart              |       |     7 |    12 |       ||    19
Ability: Lunge             |       |       |    14 |     8 ||    22
         Whirlwind         |       |       |       |     3 ||     3
    Use: Scroll            |     3 |     8 |     3 |       ||    14
         Potion            |       |     2 |     2 |       ||     4
   Stab: Sleeping          |    20 |    18 |    30 |    11 ||    79
         Distracted        |     1 |     3 |     3 |       ||     7
 Armour: Robe              |     6 |     4 |       |       ||    10
         Ring mail         |       |    18 |    39 |    17 ||    74
  Dodge: Dodged            |    28 |    42 |    66 |    29 ||   165

Table legend: (Time is in decaauts)
 A = Elapsed time spent in this place.
 B = Non-inter-level travel time spent in this place.
 C = Inter-level travel time spent in this place.
 D = Time resting spent in this place.
 E = Time spent auto-exploring this place.
 F = Levels seen in this place.
 G = Mean time per level.
                   A        B        C        D        E       F      G
               +--------+--------+--------+--------+--------+-----+--------+
         Total |   8443 |   7966 |    477 |    863 |   5909 |   9 |  938.1 |
       Dungeon |   8361 |   7963 |    398 |    863 |   5909 |   8 | 1045.1 |
        Temple |     81 |      2 |     79 |      0 |      0 |   1 |   81.0 |
               +--------+--------+--------+--------+--------+-----+--------+

Top non-repeatable levels by time:
     D:4: 1635 daAuts
     D:7: 1249 daAuts
     D:6: 1139 daAuts
     D:1: 1107 daAuts
     D:5: 1062 daAuts
     D:2: 971 daAuts
     D:3: 736 daAuts
     D:8: 459 daAuts
  Temple: 81 daAuts
